 Dungeon Crawl Stone Soup version 0.19.0-19-g8c6edcc (webtiles) character file.

826 Jannitor the Ruffian (level 7, -10/71 HPs)
             Began as a Troll Chaos Knight on Nov 14, 2016.
             Mangled by Prince Ribbit (15 damage)
             ... on level 6 of the Dungeon.
             The game lasted 00:08:40 (3933 turns).

Jannitor the Ruffian (Troll Chaos Knight)           Turns: 3933, Time: 00:08:41

Health: -10/71     AC: 10    Str: 21    XL:     7   Next: 64%
Magic:  6/6        EV: 11    Int:  8    God:    Xom [.....*]
Gold:   483        SH:  0    Dex: 11    Spells: 0 memorised, 6 levels left

rFire  . . .     SeeInvis .       - Unarmed
rCold  + . .     Gourm    +     a - +2 robe
rNeg   . . .     Faith    .     (no shield)
rPois  +         Spirit   .     (helmet restricted)
rElec  .         Reflect  .     i - +2 cloak
rCorr  .         Harm     .     (gloves unavailable)
MR     .....     Clarity  +     (boots unavailable)
Stlth  +.........               (no amulet)
                                (no ring)
                                (no ring)

@: no status effects
A: unfitting armour, claws 3, clarity, cold resistance 1, fast metabolism 3,
gourmand, poison resistance, regeneration 1, shaggy fur 1, tough skin 2, no
device heal 1
a: Renounce Religion


You were on level 6 of the Dungeon.
You worshipped Xom.
You were Xom's teddy bear.
You were completely stuffed.

You visited 2 branches of the dungeon, and saw 7 of its levels.

You collected 483 gold pieces.

Inventory:

Missiles
 p - 4 javelins of penetration (quivered)
Armour
 a - a +2 robe (worn)
 i - a +2 cloak (worn)
Wands
 c - a wand of digging (11/24)
Scrolls
 d - 3 scrolls of fog {unknown}
 e - a scroll of immolation {unknown}
 g - a scroll of magic mapping {unknown}
 h - 3 scrolls of identify {unknown}
 l - a scroll of blinking {unknown}
 o - a scroll of random uselessness {unknown}
 r - a scroll of recharging {unknown}
 u - a scroll of teleportation {unknown}
 x - 2 scrolls of remove curse {unknown}
 y - a scroll of fear {unknown}
 z - a scroll of amnesia {unknown}
Potions
 k - a potion of might {unknown}
 m - a potion of ambrosia {unknown}
 q - a potion of heal wounds {unknown}
 t - a potion of lignification {unknown}
 v - a potion of haste {unknown}
 w - 2 potions of curing {unknown}
 A - a potion of berserk rage {unknown}
Comestibles
 b - 4 bread rations
 f - 4 meat rations
 n - a beef jerky
 s - 2 slices of pizza
 B - 5 chunks of flesh


   Skills:
 + Level 4.6 Fighting
 + Level 4.0 Dodging
 * Level 6.5 Unarmed Combat


You had 6 spell levels left.
You didn't know any spells.

Dungeon Overview and Level Annotations

Branches:
Dungeon (6/15)             Temple (1/1) D:5

Altars:
Ashenzari
Cheibriados
Dithmenos
Elyvilon
Gozag
Hepliaklqana
Kikubaaqudgha
Makhleb
Okawaru
Qazlal
Ru
Sif Muna
Trog
Uskayaw
Vehumet
Xom
Yredelemnul
Zin
The Shining One

Shops:
D:2 *

Annotations:
D:6 Prince Ribbit


Innate Abilities, Weirdness & Mutations

You are too large for most types of armour.
You have claws for hands.
Your metabolism is lightning-fast.
You like to eat raw meat.
Your natural rate of healing is unusually fast.
You are covered in fur. (AC +1)
You have very tough skin. (AC +2)
You possess an exceptional clarity of mind.
Your flesh is cold resistant. (rC+)
Your system is resistant to poisons. (rPois)
Potions and wands are less effective at restoring your health.


Message History

Prince Ribbit hits you! The bullfrog barely misses you.
You scratch Prince Ribbit.
Prince Ribbit is almost dead.
Prince Ribbit mumbles some strange words.
Prince Ribbit looks slightly unstable.
The bullfrog hits you. The orc closely misses you.
You closely miss Prince Ribbit.
Prince Ribbit is almost dead.
Prince Ribbit hits you!
* * * LOW HITPOINT WARNING * * *
The bullfrog hits you.
* * * LOW HITPOINT WARNING * * *
You are too injured to fight recklessly!
Unknown command.
Okay, then.
Okay, then.
Unknown command.
The bullfrog closely misses you. Prince Ribbit hits you!
You die...
Xom titters!

#............
#........... .
#..........##.
.............
#..o.......#
#..........#
#.$....o)..###.
#.##FF...... #
#.##@####...
#.##.##......?.
#.#.......#....
#.........# ..
####.......#
#.....##......
#.....##..###..
#.....##..# #
#.........#


You could see Prince Ribbit, a bullfrog and an orc.

Vanquished Creatures
  Menkaure (D:4)
  An ice beast (D:5)
  A water moccasin skeleton (D:3)
  A howler monkey (D:6)
  An orc priest (D:6)
  4 orc wizards
  A worker ant (D:5)
  3 adders
  4 gnolls
  A shadow imp (D:5)
  2 oozes
  An adder zombie (D:5)
  3 worms
  3 dart slugs
  A leopard gecko (D:3)
  15 orcs
  7 bats
  4 giant cockroaches
  8 goblins
  10 hobgoblins
  3 jackals (D:4)
  4 kobolds
  5 frilled lizards
  8 rats
92 creatures vanquished.

Vanquished Creatures (collateral kills)
  A phantom (D:4)
  An orc wizard (D:4)
  A worker ant (D:4)
3 creatures vanquished.

Vanquished Creatures (others)
  The ghost of SaintRoka the Ruffian, an amateur HOTm (D:3)
  A gnoll (D:3)
  A rat (D:3)
3 creatures vanquished.

Grand Total: 98 creatures vanquished

Notes
Turn   | Place    | Note
-------+----------+-------------------------------------------
     0 | D:1      | Jannitor the Troll Chaos Knight began the quest for the Orb.
     0 | D:1      | Reached XP level 1. HP: 22/22 MP: 0/0
   238 | D:1      | Reached XP level 2. HP: 29/29 MP: 1/1
   423 | D:1      | XOM: noise
   583 | D:2      | Reached XP level 3. HP: 32/36 MP: 2/2
   663 | D:2      | XOM: harmless Tloc miscast
   731 | D:2      | Reached XP level 4. HP: 30/45 MP: 3/3
   874 | D:2      | Found an opulent altar of Gozag.
   914 | D:2      | Found Gozag's Platinum Reserve.
  1022 | D:2      | Reached skill level 4 in Unarmed Combat
  1036 | D:2      | XOM is BORED!
  1036 | D:2      | XOM: harmless Necr miscast
  1083 | D:2      | XOM: potion effect (invisibility)
  1572 | D:3      | Noticed SaintRoka's ghost (amateur HOTm)
  1582 | D:3      | XOM: confuse monster(s)
  1585 | D:3      | XOM: potion effect (heal wounds)
  1603 | D:3      | XOM: cleaving
  1604 | D:3      | Reached XP level 5. HP: 35/53 MP: 4/4
  1606 | D:3      | Killed SaintRoka's ghost
  1606 | D:3      | XOM: divine lightning (protected)
  1656 | D:3      | XOM: divination: magic mapping
  1693 | D:3      | Found a shattered altar of Ashenzari.
  1920 | D:3      | XOM: god gift: 4 javelins of penetration
  1951 | D:3      | XOM: destruction
  2053 | D:3      | XOM: god gift: 260 gold pieces
  2215 | D:3      | XOM: silly message
  2221 | D:3      | XOM: scenery: create altars
  2351 | D:4      | XOM is BORED!
  2351 | D:4      | XOM: mild Divn miscast
  2407 | D:4      | Noticed a phantom
  2417 | D:4      | XOM: summons friendly ufetubus
  2456 | D:4      | Reached XP level 6. HP: 55/62 MP: 5/5
  2459 | D:4      | Reached skill level 5 in Unarmed Combat
  2478 | D:4      | Found a hide-covered altar of Uskayaw.
  2529 | D:4      | Noticed Menkaure
  2530 | D:4      | XOM: fog
  2531 | D:4      | Gained mutation: Potions and wands are less effective at restoring your health. [potion of mutation]
  2531 | D:4      | Gained mutation: Your flesh is cold resistant. (rC+) [potion of mutation]
  2531 | D:4      | Gained mutation: You possess an exceptional clarity of mind. [potion of mutation]
  2533 | D:4      | Killed Menkaure
  2544 | D:4      | Found an iron altar of Okawaru.
  2643 | D:4      | XOM: scenery: create altars
  2693 | D:5      | Entered Level 5 of the Dungeon
  2718 | D:5      | Reached XP level 7. HP: 45/70 MP: 6/6
  2830 | D:5      | XOM: severe Chrm miscast
  2901 | D:5      | Reached skill level 6 in Unarmed Combat
  2951 | D:5      | Found a staircase to the Ecumenical Temple.
  2959 | Temple   | Entered the Ecumenical Temple
  3164 | Temple   | XOM: cloud trail
  3917 | D:6      | Noticed Prince Ribbit
  3928 | D:6      | Gained mutation: Your system is resistant to poisons. (rPois) [potion of beneficial mutation]
  3933 | D:6      | Mangled by Prince Ribbit

Skill      XL: |  1  2  3  4  5  6  7 |
---------------+----------------------+-----
Dodging        | 2 3 4 |  4.0
Fighting       | 3 4 |  4.6
Unarmed Combat | 4 5 6 |  6.5

Action                   |  1- 3 |  4- 6 |  7- 9 || total
-------------------------+-------+-------+-------++-------
Melee: Unarmed           |    65 |   157 |    66 ||   288
       Punch             |     1 |     3 |     3 ||     7
  Use: Potion            |       |     1 |     1 ||     2
 Stab: Sleeping          |     1 |     1 |       ||     2
       Confused          |       |     2 |       ||     2
  Eat: Chunk             |    10 |    15 |    17 ||    42
Armor: Robe              |    21 |    63 |    19 ||   103
Dodge: Dodged            |    28 |    65 |    35 ||   128
